 Dungeon Crawl Stone Soup version 0.28-a0-1493-g08698888e4 (webtiles) character file.

Game seed: 11853245104529392768

53 a3don the Shield-Bearer (level 3, -3/24 HPs)
             Began as a Gargoyle Fighter on Jan 13, 2022.
             Was a High Priest of Ignis.
             Shot with an arrow by a centaur (10 damage)
             ... on level 4 of the Dungeon.
             The game lasted 00:03:25 (1965 turns).

a3don the Shield-Bearer (Gargoyle Fighter)          Turns: 1965, Time: 00:03:25

Health: -3/24      AC: 13    Str: 21    XL:     3   Next: 89%
Magic:  3/3        EV:  9    Int:  8    God:    Ignis [*****.]
Gold:   123        SH:  4    Dex:  9    Spells: 2/2 levels left

rFire   + . .      SeeInvis .   a - +0 war axe
rCold   . . .      Faith    .   c - +0 buckler
rNeg    + . .      Spirit   .   b - +0 scale mail
rPois   ∞          Reflect  .   p - +2 hat
rElec   +          Harm     .   (no cloak)
rCorr   +          Rampage  .   (no gloves)
Will    .....                   e - +0 pair of boots
Stlth   ..........              (no amulet)
HPRegen 0.08/turn               n - ring of resist corrosion
MPRegen 0.08/turn               (no ring)

@: no status effects
A: sickness immunity, AC +3, negative energy resistance 1, electricity
resistance, torment resistance 1, petrification resistance
a: Renounce Religion, Fiery Armour, Foxfire Swarm, Rising Flame


You were on level 4 of the Dungeon.
You worshipped Ignis.
Ignis was extremely pleased with you.
You visited 1 branch of the dungeon, and saw 5 of its levels.

You collected 123 gold pieces.

Inventory:

Hand Weapons
 a - a +0 war axe (weapon)
 g - a +3 mace
Missiles
 m - 77 stones (quivered)
Armour
 b - a +0 scale mail (worn)
 c - a +0 buckler (worn)
 e - a +0 pair of boots (worn)
 p - a +2 hat (worn)
Magical Staves
 o - a staff of death
Jewellery
 n - a ring of resist corrosion (left hand)
Scrolls
 f - a scroll of identify {unknown}
 i - a scroll of fog {unknown}
 k - a scroll of fear {unknown}
 l - a scroll of noise {unknown}
Potions
 d - a potion of might
 h - a potion of berserk rage {unknown}
 j - a potion of degeneration {unknown}
 q - a potion of mutation {unknown}
 r - a potion of curing {unknown}


   Skills:
 + Level 3.7 Fighting
 * Level 2.6 Axes
 + Level 3.7 Armour
 + Level 3.7 Shields


You had 2 spell levels left.
You didn't know any spells.
Your spell library contained the following spells:

 Spells                   Type           Power      Damage    Failure   Level
 Sandblast                Erth           0%         2d4       83%         1
 Passwall                 Tmut/Erth      0%         N/A       93%         2
 Stone Arrow              Conj/Erth      0%         3d7       99%         3


Dungeon Overview and Level Annotations

Branches:
Dungeon (5/15)
 Temple: D:4-7

Altars:
Kikubaaqudgha
Ignis

Shops:
D:1 [   D:2 *


Innate Abilities, Weirdness & Mutations

You are immune to sickness and miasma.
Your stone body is resilient. (AC +3)
You are immune to poison.
You resist negative energy. (rN+)
You are resistant to electric shocks. (rElec)
You are resistant to unholy torment.
You are immune to petrification.


Message History

You are frozen.
You hit the endoplasm but do no damage. The endoplasm misses you.
You hit the endoplasm.
The endoplasm is moderately wounded.
The endoplasm hits you. The endoplasm freezes you.
You are frozen.
You are too injured to fight recklessly!
You are too injured to fight recklessly!
You are too injured to fight recklessly!
You slash the endoplasm!
You kill the endoplasm!
You start resting.
HP restored.
An adder comes into view.
The adder hisses angrily.
You see here 21 arrows.
You see here 26 stones.
m - 77 stones (gained 26)
The adder bites you but does no damage.
You slash the adder!
You kill the adder!
You see here 21 arrows.
You now have 118 gold pieces (gained 7).
You now have 123 gold pieces (gained 5).
Found a stone staircase leading down.
Found an escape hatch in the floor.
Found a stone staircase leading down.
r - a viscous cyan potion A centaur comes into view.
The centaur shouts!
The centaur wields a +0 shortbow.
The centaur shoots an arrow.
The arrow hits you.
The centaur shoots an arrow.
The arrow misses you.
The centaur shoots an arrow.
The arrow hits you.
The centaur shoots an arrow.
The arrow hits you but does no damage.
The centaur shoots an arrow.
The arrow hits you.
* * * LOW HITPOINT WARNING * * *
The centaur shoots an arrow.
The arrow hits you!
You die...

#......#...# #..#
#..#...##.###>........
#..........#..........
..#...##..#.......>.....
..#.#.....#.............
....#....##.............
...##....#..............
#...#...................
#..##.#.#.......@.......
#..#..####.............#
#..(...# ###...>..c.#..#
.....### #.........# #
#..#.### #.........##
.......##...#.....##
#..#........##..###
#..#..#...## ##.#
......##..#


You could see a centaur.

Vanquished Creatures
  2 adders
  A ball python (D:2)
  2 bats (D:1)
  5 endoplasms
  3 goblins
  9 hobgoblins
  A quokka (D:1)
  3 frilled lizards
  4 kobolds
  3 rats
33 creatures vanquished.

Vanquished Creatures (others)
  14 plants
  10 withered plants (D:1)
24 creatures vanquished.

Grand Total: 57 creatures vanquished

Notes
Turn   | Place    | Note
-------+----------+-------------------------------------------
     0 | D:1      | a3don the Gargoyle Fighter began the quest for the Orb.
     0 | D:1      | Reached XP level 1. HP: 14/14 MP: 1/1
    82 | D:1      | Reached XP level 2. HP: 19/19 MP: 2/2
   212 | D:1      | Found Uxiung's Armour Boutique.
   515 | D:1      | Found a faded altar of an unknown god.
   690 | D:1      | Prayed at the altar of an unknown god.
   690 | D:1      | Became a worshipper of Ignis, the Dying Flame
   846 | D:2      | Found an ancient bone altar of Kikubaaqudgha.
   923 | D:2      | Reached XP level 3. HP: 23/23 MP: 3/3
   951 | D:2      | Found Borunir's Assorted Antiques.
  1600 | D:3      | You fall into a shaft and drop 2 floors!
  1600 | D:5      | Entered Level 5 of the Dungeon
  1961 | D:4      | Noticed a centaur
  1965 | D:4      | Shot with an arrow by a centaur

Illustrated notes

Levels and vault maps discovered:
D:1:      roderic_dead_forest, layout_basic,
          shapermc_ecumenical_altar_flowoftime, serial_shops, shop
D:2:      layout_basic, basic_altar, serial_shops,
          nicolae_shop_overgrown_old_shop, amethyst_killhole,
          roderic_three_in_a_row
D:3:      minmay_goblin_kobold_castle, layout_loops_ring,
          lemuel_coloured_pillars_altar, serial_shops,
          nicolae_shop_bloodbath_and_beyond, uniq_natasha,
          uniq_crazy_yiuf_cottage
D:4:      layout_cave_pools, nicolae_wu_jian_wuxing_cycle,
          makhleb_blood_cavern_becter
D:5:      layout_loops_ring

Skill      XL: |  1 |
---------------+----+-----
Axes           | 2 |  2.6
Fighting       | |  3.7
Armour         | |  3.7
Shields        | |  3.7

Action                   || total
-------------------------++-------
Melee: War axe           ||   100
Armor: Scale mail        ||    40
Dodge: Dodged            ||    29
Block: Buckler           ||    15

Table legend: (Time is in decaauts)
 A = Elapsed time spent in this place.
 B = Non-inter-level travel time spent in this place.
 C = Inter-level travel time spent in this place.
 D = Time resting spent in this place.
 E = Time spent auto-exploring this place.
 F = Levels seen in this place.
 G = Mean time per level.
                   A        B        C        D        E       F      G
               +--------+--------+--------+--------+--------+-----+--------+
         Total |   2006 |   1951 |     55 |    149 |   1360 |   5 |  401.2 |
       Dungeon |   2006 |   1951 |     55 |    149 |   1360 |   5 |  401.2 |
               +--------+--------+--------+--------+--------+-----+--------+

Top non-repeatable levels by time:
     D:2: 861 daAuts
     D:1: 764 daAuts
     D:4: 313 daAuts
     D:5: 53 daAuts
     D:3: 13 daAuts
